 Dungeon Crawl Stone Soup version 0.23.2 (webtiles) character file.

Game seed: 10619640861109440214

56 woolyfrog the Vandal (level 4, -16/29 HPs)
             Began as a Halfling Hunter on Apr 13, 2019.
             Was an Initiate of Fedhas.
             Killed from afar by an orc (39 damage)
             ... with an exploding inner flame
             ... hexed by the player character
             ... on level 2 of the Dungeon.
             The game lasted 00:13:42 (1169 turns).

woolyfrog the Vandal (Halfling Hunter)              Turns: 1169, Time: 00:13:55

Health: -16/29     AC:  5    Str: 13    XL:     4   Next: 17%
Magic:  4/4        EV: 13    Int:  9    God:    Fedhas [......]
Gold:   139        SH:  0    Dex: 15    Spells: 3/3 levels left

rFire    . . .     SeeInvis .   a - +2 hunting sling
rCold    . . .     Gourm    .   (shield restricted)
rNeg     . . .     Faith    .   j - +0 ring mail
rPois    .         Spirit   .   (no helmet)
rElec    .         Reflect  .   (no cloak)
rCorr    .         Harm     .   (no gloves)
MR       .....                  (no boots)
Stlth    +.........             (no amulet)
HPRegen  0.09/turn              (no ring)
MPRegen  0.09/turn              (no ring)

@: no status effects
A: small, mutation resistance 1
a: Fungal Bloom, Renounce Religion


You were on level 2 of the Dungeon.
You worshipped Fedhas.
Fedhas was noncommittal.
You were hungry.

You visited 1 branch of the dungeon, and saw 2 of its levels.

You collected 139 gold pieces.

Inventory:

Hand Weapons
 a - a +2 hunting sling (weapon)
 b - a +0 short sword
Missiles
 c - 30 stones (quivered)
 e - 21 bolts
 i - 17 arrows
Armour
 j - a +0 ring mail (worn)
Scrolls
 g - a scroll of identify
 m - a scroll of amnesia
Potions
 h - a potion of flight
 l - 2 potions of invisibility {unknown}
Comestibles
 f - 3 rations


   Skills:
 + Level 2.0 Fighting
 + Level 7.7 Slings
 + Level 0.3 Armour
 + Level 2.2 Dodging
 + Level 1.1 Stealth


You had 3 spell levels left.
You didn't know any spells.
Your spell library was empty.

Dungeon Overview and Level Annotations

Branches:
Dungeon (2/15)

Altars:
Fedhas


Innate Abilities, Weirdness & Mutations

You are small and have problems with some larger weapons.
You are somewhat resistant to further mutation.


Message History

You shoot a stone.
The stone closely misses the orc priest.
The orc priest closely misses you. The orc hits you with a +0 dagger.
Firing (i - inventory)
c - 31 stones (quivered)
Press: ? - help, Shift-Dir - straight line, f/p - orc priest
Aim: an orc priest, wielding a +0 club and wearing a cursed +0 scale mail (heavily wounded, inner flame)
You shoot a stone. The stone hits the orc priest.
The orc priest is severely wounded.
The orc priest hits you with a +0 club.
Firing (i - inventory)
c - 30 stones (quivered)
Press: ? - help, Shift-Dir - straight line, f/p - orc priest
Aim: an orc priest, wielding a +0 club and wearing a cursed +0 scale mail (severely wounded, inner flame)
You shoot a stone. The stone hits the orc priest.
The orc priest explodes!
The fiery explosion engulfs the orc!!
The orc explodes!
The fiery explosion engulfs you!!!
Ouch! That really hurt!
You die...
Fedhas appreciates your contribution to the ecosystem.

# .# #.#.# # .#
#.# .# #.# .# #.#
####.# #....#
#.#### . #.<# ..
#§@###.##
##§§#.....
#####§§§....#
#(.((.......#
#).(........#
.....(....###'#.#
..........'...#.#
(.(.(.....###.# .
.).(....###


There were no monsters in sight!

Vanquished Creatures
  An adder (D:2)
  An ooze (D:1)
  4 dart slugs
  3 orcs (D:2)
  3 bats (D:1)
  5 hobgoblins
  3 jackals (D:1)
  A ball python (D:2)
  A frilled lizard (D:2)
  3 goblins
  4 kobolds
  A rat (D:1)
30 creatures vanquished.

Notes
Turn   | Place    | Note
-------+----------+-------------------------------------------
     0 | D:1      | woolyfrog the Halfling Hunter began the quest for the Orb.
     0 | D:1      | Reached XP level 1. HP: 14/14 MP: 1/1
    33 | D:1      | Reached skill level 6 in Slings
    39 | D:1      | Reached XP level 2. HP: 19/19 MP: 2/2
   423 | D:1      | Reached XP level 3. HP: 24/24 MP: 3/3
   576 | D:1      | Reached skill level 7 in Slings
   930 | D:2      | Found a blossoming altar of Fedhas.
   943 | D:2      | Became a worshipper of Fedhas Madash
  1144 | D:2      | Reached XP level 4. HP: 29/29 MP: 4/4
  1169 | D:2      | Killed from afar by an orc

Skill      XL: |  1  2  3 |
---------------+----------+-----
Slings         | 6 7 |  7.7
Fighting       | 2 |  2.0
Armour         | |  0.3
Dodging        | |  2.2
Stealth        | |  1.1

Action                   |  1- 3 |  4- 6 || total
-------------------------+-------+-------++-------
 Fire: Hunting sling     |    70 |    20 ||    90
  Use: Scroll            |     8 |     1 ||     9
Armor: Leather armour    |     4 |       ||     4
       Ring mail         |     2 |     1 ||     3
Dodge: Dodged            |    15 |     5 ||    20
